 Dungeon Crawl Stone Soup version 0.21-a0-278-ga722497 (webtiles) character file.

5208 tilp the Arsonist (level 10, -13/69 HPs)
             Began as a Hill Orc Fire Elementalist on Sept 22, 2017.
             Was a Believer of Okawaru.
             Shot with an arrow by a centaur warrior (15 damage)
             ... on level 9 of the Dungeon.
             The game lasted 00:50:54 (11042 turns).

tilp the Arsonist (Hill Orc Fire Elementalist)     Turns: 11042, Time: 00:50:54

Health: -13/69     AC: 12    Str: 17    XL:     10   Next: 60%
Magic:  21/21      EV: 11    Int: 24    God:    Okawaru [**....]
Gold:   126        SH:  0    Dex: 12    Spells: 9/24 levels left

rFire    + . .     SeeInvis .   X - +9 flail of Duty {drain, Fragile rElec Dex+3}
rCold    + . .     Gourm    .   (no shield)
rNeg     . . .     Faith    .   Z - +1 leather armour of the Rabble {rF+ Str+3 Dex-2}
rPois    .         Spirit   .   (helmet restricted)
rElec    +         Reflect  .   K - scarf of Music {rElec Int+6}
rCorr    .         Harm     .   j - +2 pair of gloves
MR       .....                  J - +2 pair of boots
Stlth    +.........             (no amulet)
HPRegen  0.21/turn              M - +2 ring of strength
MPRegen  0.17/turn              r - ring of wizardry

@: no status effects
A: antennae 1, molten scales 1, cold resistance 1, wild magic 1
a: Heroism, Renounce Religion


You were on level 9 of the Dungeon.
You worshipped Okawaru.
Okawaru was pleased with you.
You were not hungry.

You visited 2 branches of the dungeon, and saw 10 of its levels.

You collected 663 gold pieces.
You spent 537 gold pieces at shops.

Inventory:

Hand Weapons
 X - the +9 flail of Duty (weapon) {drain, Fragile rElec Dex+3}
   (You found it on level 8 of the Dungeon)

   A truly terrible weapon, it drains the life of those it strikes.
   It affects your dexterity (+3).
   It insulates you from electricity.
   It will be destroyed if unequipped.
Missiles
 A - 10 tomahawks (quivered)
Armour
 j - a +2 pair of gloves (worn)
 v - a +0 troll leather armour
 y - a +1 chain mail of cold resistance
 H - the +3 plate armour of Sorcery {+Inv Str+4 Dex+5, unknown}
   (You took it off an orc on level 9 of the Dungeon)

   It affects your strength (+4).
   It affects your dexterity (+5).
   It lets you turn invisible.
 J - a +2 pair of boots (worn)
 K - the scarf of Music (worn) {rElec Int+6}
   (You bought it in a shop on level 6 of the Dungeon)

   It affects your intelligence (+6).
   It insulates you from electricity.
 T - a +0 leather armour of cold resistance
 Z - the +1 leather armour of the Rabble (worn) {rF+ Str+3 Dex-2}
   (You found it on level 8 of the Dungeon)

   It affects your strength (+3).
   It affects your dexterity (-2).
   It protects you from fire.
Magical Staves
 R - an uncursed staff of fire {unknown}
Jewellery
 a - an uncursed ring of see invisible
 d - a cursed -3 ring of evasion
 k - a +3 ring of evasion
 r - a ring of wizardry (right hand)
 B - the amulet "Sinwo" {Harm *Drain rElec rPois rC+ Stlth+, unknown}
   (You took it off an orc wizard on level 9 of the Dungeon)

   [amulet of harm]

   It increases damage dealt and taken.
   It protects you from cold.
   It insulates you from electricity.
   It protects you from poison.
   It causes draining when unequipped.
   It makes you more stealthy.
 M - a +2 ring of strength (left hand)
Wands
 b - a wand of paralysis (19/24)
 q - a wand of lightning (5/15)
 w - a wand of iceblast (4/15)
 E - a wand of digging (0/24)
 L - a wand of confusion (11/48)
 S - a wand of confusion (29/48)
 V - a wand of lightning (4/15)
 Y - a wand of confusion (22/48)
Scrolls
 e - a scroll of random uselessness {unknown}
 h - 8 scrolls of teleportation
 o - 2 scrolls of magic mapping {unknown}
 s - a scroll of acquirement {unknown}
 z - 2 scrolls of noise {unknown}
 C - 2 scrolls of recharging {unknown}
 D - a scroll of enchant weapon
 I - a scroll of enchant armour
 P - 4 scrolls of amnesia {unknown}
 U - 2 scrolls of remove curse
 W - 2 scrolls of fear {unknown}
Potions
 f - a potion of ambrosia
 g - a potion of haste {unknown}
 i - a potion of magic {unknown}
 l - a potion of agility {unknown}
 m - 2 potions of might
 p - a potion of heal wounds
 t - 5 potions of curing
 F - 2 potions of mutation
 N - a potion of brilliance {unknown}
 Q - 2 potions of flight
Comestibles
 c - 3 bread rations
 n - 7 royal jellies
 u - 8 fruits
 G - 2 meat rations


   Skills:
 - Level 1.5 Dodging
 - Level 1.5 Stealth
 + Level 7.7 Spellcasting
 + Level 8.7 Conjurations
 - Level 9.7 Fire Magic


You had 9 spell levels left.
You knew the following spells:

 Your Spells              Type           Power        Failure   Level  Hunger
a - Flame Tongue          Conj/Fire      #####        1%          1    None
b - Throw Flame           Conj/Fire      ######       1%          2    None
c - Conjure Flame         Conj/Fire      ######..     1%          3    None
d - Sticky Flame          Conj/Fire      ######..     1%          4    ###....
e - Fireball              Conj/Fire      ######....   3%          5    #####..


Dungeon Overview and Level Annotations

Branches:
Dungeon (9/15)             Temple (1/1) D:7            Lair (0/6) D:9
    Orc (0/2) D:9

Altars:
Ashenzari
Cheibriados
Elyvilon
Fedhas
Gozag
Hepliaklqana
Kikubaaqudgha
Makhleb
Nemelex Xobeh
Okawaru
Qazlal
Ru
Sif Muna
Trog
Uskayaw
Vehumet
Wu Jian
Xom
Yredelemnul
Zin
The Shining One

Shops:
D:5 }   D:6 [([[*   D:9 ?

Annotations:
D:4 Sigmund; kal9871's ghost, amateur TeFi
D:9 zero's ghost, novice GrBe


Innate Abilities, Weirdness & Mutations

You have a pair of small antennae on your head.
You are partially covered in molten scales. (AC +2)
Your flesh is cold resistant. (rC+)
Your spells are a little harder to cast, but a little more powerful.


Message History

You barely miss the shadow imp.
The shadow imp is severely wounded.
The shadow imp gestures at you. Pain shoots through your body!
Unknown command.
You sock the shadow imp!
You kill the shadow imp!
Okawaru accepts your kill.
A centaur warrior comes into view.
The centaur warrior shouts!
The centaur warrior wields a shortbow.
The centaur warrior shoots an arrow.
The arrow hits you!!
You see here an arrow.
The centaur warrior shoots an arrow.
The arrow hits you!!
* * * LOW HITPOINT WARNING * * *
The centaur warrior shoots an arrow.
The arrow hits you!!
* * * LOW HITPOINT WARNING * * *
You see here 2 arrows.
The centaur warrior shoots an arrow.
The arrow hits you!
You die...

#############
#...........#
#...........#
#.....<....#
#..........#
#..........# .
#######'####..c
.......@.......
.......(.......
.......o.......
........######'
........#
........#
........#
........#
........#


You could see a centaur warrior and an orc.

Vanquished Creatures
  A two-headed ogre (D:8)
  Pikel (D:6)
  A troll (D:9)
  Prince Ribbit (D:9)
  A wyvern (D:8)
  A basilisk (D:9)
  A phantom (D:8)
  3 sky beasts
  2 ice beasts
  2 orc warriors
  9 ogres
  2 big kobolds
  Blork the orc (D:6)
  2 bullfrogs
  3 scorpions
  3 killer bees (D:9)
  3 wights (D:9)
  A crimson imp (D:5)
  2 bullfrog zombies
  A centaur zombie (D:9)
  3 hounds
  A centaur skeleton (D:7)
  3 jellies
  Crazy Yiuf (D:6)
  4 iguanas
  9 worker ants
  Ijyb (D:3)
  Terence (D:2)
  5 orc wizards
  3 hound skeletons
  A howler monkey zombie (D:8)
  Robin (D:2)
  7 gnolls
  10 adders
  3 shadow imps
  2 adder skeletons
  3 worms
  2 dart slugs (D:1)
  4 leopard geckos
  18 orcs
  2 ball pythons
  7 bats
  6 giant cockroaches
  10 goblins
  8 hobgoblins
  16 jackals
  7 quokkas
  7 frilled lizards
  A jackal skeleton (D:7)
  16 kobolds
  A leopard gecko zombie (D:6)
  6 rats
210 creatures vanquished.

Notes
Turn   | Place    | Note
-------+----------+-------------------------------------------
     0 | D:1      | tilp the Hill Orc Fire Elementalist began the quest for the Orb.
     0 | D:1      | Reached XP level 1. HP: 14/14 MP: 3/3
   235 | D:1      | Found a shattered altar of Ashenzari.
   320 | D:1      | Reached XP level 2. HP: 15/20 MP: 2/4
   335 | D:1      | Learned a level 2 spell: Throw Flame
   704 | D:1      | Reached XP level 3. HP: 26/26 MP: 1/5
  1112 | D:2      | Noticed Terence
  1191 | D:2      | Killed Terence
  1276 | D:2      | Noticed Robin
  1295 | D:2      | Reached XP level 4. HP: 28/33 MP: 7/7
  1368 | D:2      | Reached skill level 4 in Fire Magic
  1377 | D:2      | Killed Robin
  2000 | D:2      | Learned a level 3 spell: Conjure Flame
  2106 | D:2      | Found a hide-covered altar of Uskayaw.
  2481 | D:3      | Found a sparkling altar of Nemelex Xobeh.
  2524 | D:3      | Reached XP level 5. HP: 38/38 MP: 5/8
  2612 | D:3      | Noticed Ijyb
  3290 | D:3      | Reached XP level 6. HP: 45/45 MP: 5/9
  3608 | D:3      | Found an opulent altar of Gozag.
  3704 | D:3      | Found a shattered altar of Ashenzari.
  3738 | D:3      | Reached skill level 5 in Fire Magic
  3828 | D:3      | Killed Ijyb
  3955 | D:4      | Noticed kal9871's ghost (amateur TeFi)
  4242 | D:4      | Noticed Sigmund
  4317 | D:5      | Entered Level 5 of the Dungeon
  4645 | D:5      | Reached XP level 7. HP: 50/50 MP: 2/11
  5095 | D:5      | Learned a level 4 spell: Sticky Flame
  5321 | D:4      | Reached skill level 5 in Conjurations
  5321 | D:4      | Reached skill level 6 in Fire Magic
  5723 | D:5      | Found Jiny's Gadget Shoppe.
  5761 | D:5      | Reached XP level 8. HP: 44/57 MP: 7/13
  6278 | D:5      | Found a snail-covered altar of Cheibriados.
  6544 | D:5      | Found a deep blue altar of Sif Muna.
  6547 | D:5      | Found a burning altar of Makhleb.
  6550 | D:5      | Found a stormy altar of Qazlal.
  6553 | D:5      | Found a radiant altar of Vehumet.
  6704 | D:6      | Found Japsatt's Antique Armour Shoppe.
  6792 | D:6      | Bought a pair of boots for 67 gold pieces
  6792 | D:6      | Bought a polished scarf for 150 gold pieces
  6802 | D:6      | Identified the scarf of Music {rElec Int+6} (You bought it in a shop on level 6 of the Dungeon)
  6805 | D:6      | Found a hazy altar of Hepliaklqana.
  6809 | D:6      | Noticed Blork the orc
  6891 | D:6      | Killed Blork the orc
  6979 | D:6      | Found Picoihiv's Weapon Emporium.
  6992 | D:6      | Gained mutation: Your flesh is cold resistant. (rC+) [mutagenic meat]
  6993 | D:6      | Gained mutation: You have a pair of small antennae on your head. [mutagenic meat]
  6995 | D:6      | Gained mutation: Your spells are a little harder to cast, but a little more powerful. [mutagenic meat]
  6997 | D:6      | Gained mutation: You are partially covered in molten scales. (AC +2) [mutagenic meat]
  7004 | D:6      | Learned a level 5 spell: Fireball
  7173 | D:6      | Found Lapsul's Armour Shoppe.
  7221 | D:6      | Found a runed door.
  7330 | D:6      | Reached skill level 7 in Fire Magic
  7362 | D:6      | Found Zylaokh's Armour Emporium.
  7376 | D:6      | Found Detsuh's General Store.
  7390 | D:6      | Bought a scroll of identify for 26 gold pieces
  7493 | D:6      | Noticed Pikel
  7536 | D:6      | Killed Pikel
  7536 | D:6      | Reached skill level 5 in Spellcasting
  7536 | D:6      | Reached XP level 9. HP: 46/62 MP: 9/16
  7668 | D:6      | Noticed Crazy Yiuf
  7674 | D:6      | Killed Crazy Yiuf
  7969 | D:7      | Reached skill level 8 in Fire Magic
  8105 | D:7      | Found a staircase to the Ecumenical Temple.
  8239 | Temple   | Entered the Ecumenical Temple
  8294 | Temple   | Became a worshipper of Warmaster Okawaru
  9021 | D:8      | Noticed a two-headed ogre
  9040 | D:8      | Killed a two-headed ogre
  9040 | D:8      | Reached skill level 9 in Fire Magic
  9070 | D:8      | Reached * piety under Okawaru
  9338 | D:8      | Reached XP level 10. HP: 69/69 MP: 7/20
  9614 | D:8      | Got an iridescent flail
  9623 | D:8      | Found a radiant altar of Vehumet.
  9675 | D:8      | Got a spiked leather armour
  9692 | D:8      | Identified the +9 flail of Duty {drain, Fragile rElec Dex+3} (You found it on level 8 of the Dungeon)
  9703 | D:8      | Identified the +1 leather armour of the Rabble {rF+ Str+3 Dex-2} (You found it on level 8 of the Dungeon)
 10022 | D:9      | Noticed zero's ghost (novice GrBe)
 10081 | D:9      | Found a glowing silver altar of Zin.
 10192 | D:9      | Found Derauwne's Magic Scroll Boutique.
 10200 | D:9      | Bought a scroll of identify for 28 gold pieces
 10200 | D:9      | Bought a scroll of enchant armour for 105 gold pieces
 10200 | D:9      | Bought a scroll of enchant weapon for 105 gold pieces
 10200 | D:9      | Bought a scroll of identify for 28 gold pieces
 10200 | D:9      | Bought a scroll of identify for 28 gold pieces
 10343 | D:9      | Found a staircase to the Lair.
 10383 | D:9      | Found a staircase to the Orcish Mines.
 10679 | D:9      | Reached ** piety under Okawaru
 10729 | D:9      | Noticed Prince Ribbit
 10756 | D:9      | Noticed a manticore
 10799 | D:9      | Got a translucent tin amulet
 10809 | D:9      | Got a brightly glowing plate armour
 10848 | D:9      | Killed Prince Ribbit
 11040 | D:9      | Noticed a centaur warrior
 11041 | D:9      | HP: 1/69 [centaur warrior/arrow (18)]
 11042 | D:9      | Shot with an arrow by a centaur warrior

Vault maps used:
D:1:      minmay_arrival_widening_spiral_wide, evilmike_ruin_ashenzari
D:2:      eat_drink_and_be_merry_uskayaw, serial_co_window_serial,
          co_window_of_opportunity_a, co_window_cross_1, co_window_paths_b,
          co_window_corner_a, co_window_corner_a, co_window_broadway_c,
          co_window_unsneaky_path_a, co_window_unsneaky_path_a,
          co_window_4corner_a, glass_columns_a, glass_columns_a,
          glass_columns_b, uniq_terence, uniq_robin
D:3:      lemuel_coloured_pillars_altar, grunt_gozag_breadcrumbs,
          nemelex_xobeh_ov_fountains_minmay, first_bread, uniq_ijyb
D:4:      uniq_sigmund
D:5:      kennysheep_mini_moat, grunt_temple_overflow_cloverleaf, serial_shops,
          nicolae_shop_waterfront
D:6:      lemuel_round_altar, serial_shops, nicolae_shop_statue_plus, shop,
          shop, shop, nicolae_shop_crystal, serial_bayou_pond_a,
          uniq_crazy_yiuf_cottage, uniq_blork_the_orc, uniq_pikel
D:7:      minmay_temple_entry_glass
D:8:      basic_altar
D:9:      minmay_the_grid_triangle_9x9_recursive_2, zin_treasury,
          grunt_dithmenos_shadows, lair_entry_dummy, orc_david_3, serial_shops,
          nicolae_shop_statue_plus, uniq_prince_ribbit1
Temple:   jpeg_temple_alley_garden

Skill      XL: |  1  2  3  4  5  6  7  8  9 10 |
---------------+-------------------------------+-----
Conjurations   | 2 3 4 5 7 8 |  8.7
Spellcasting   | 2 3 5 6 7 |  7.7
Fire Magic     | 4 5 6 7 9 |  9.7
Dodging        | |  1.5
Stealth        | |  1.5

Action                   |  1- 3 |  4- 6 |  7- 9 | 10-12 || total
-------------------------+-------+-------+-------+-------++-------
Melee: Short sword       |    70 |    74 |       |       ||   144
       Whip              |       |    76 |   182 |    21 ||   279
       Flail             |       |       |       |    70 ||    70
 Cast: Flame Tongue      |    20 |    96 |   125 |    72 ||   313
       Throw Flame       |     4 |     3 |    14 |     4 ||    25
       Conjure Flame     |       |     5 |    13 |    11 ||    29
       Sticky Flame      |       |       |     7 |    10 ||    17
       Fireball          |       |       |       |     1 ||     1
Invok: Heroism           |       |       |       |     1 ||     1
Evoke: Wand              |       |     1 |       |       ||     1
  Use: Scroll            |       |     6 |     4 |     7 ||    17
       Potion            |       |       |       |     5 ||     5
 Stab: Sleeping          |     4 |     2 |     1 |       ||     7
  Eat: Chunk             |     2 |    12 |    14 |     7 ||    35
       Fruit             |       |       |     4 |       ||     4
       Meat ration       |       |       |     1 |       ||     1
       Bread ration      |       |       |     1 |       ||     1
Armor: Robe              |    27 |    70 |    67 |     6 ||   170
       Leather armour    |       |       |       |    44 ||    44
       Chain mail        |       |       |       |    27 ||    27
Dodge: Dodged            |    44 |   139 |   132 |    81 ||   396

Table legend:
 A = Spawn XP
 B = Non-spawn XP
 C = Spawn XP percentage of total XP
 D = Spawn monster count
 E = Non-spawn monster count
 F = Spawn count percentage of total count
 G = Total turns spent on level
                    A         B        C        D         E        F      G
               +---------+---------+-------+---------+---------+-------+---------
         Total |       0 |    7441 |   0.0 |       0 |     210 |   0.0 | 11042
               +---------+---------+-------+---------+---------+-------+---------
           D:1 |       0 |      51 |   0.0 |       0 |      27 |   0.0 |  1426
           D:2 |       0 |     107 |   0.0 |       0 |      20 |   0.0 |  1034
           D:3 |       0 |     320 |   0.0 |       0 |      29 |   0.0 |  1768
           D:4 |       0 |     215 |   0.0 |       0 |       6 |   0.0 |   301
           D:5 |       0 |     875 |   0.0 |       0 |      27 |   0.0 |  2225
           D:6 |       0 |    1080 |   0.0 |       0 |      17 |   0.0 |   991
           D:7 |       0 |     529 |   0.0 |       0 |      18 |   0.0 |   999
           D:8 |       0 |    1874 |   0.0 |       0 |      28 |   0.0 |  1060
           D:9 |       0 |    2390 |   0.0 |       0 |      38 |   0.0 |  1017
               +---------+---------+-------+---------+---------+-------+---------
